 Dungeon Crawl Stone Soup version bcrawl-1.29.2 (console) character file.

Game seed: 15116886232306264567

241381 GodsVoicemail the Destroyer (level 10, -2/76 HPs)
             Began as a Demonspawn Wizard on Feb 19, 2021.
             Was a Believer of Ru.
             Slain by an eight-headed hydra (16 damage)
             ... on level 8 of the Dungeon on Feb 20, 2021.
             The game lasted 01:16:48 (11041 turns).

GodsVoicemail the Destroyer (Demonspawn Wizard)    Turns: 11041, Time: 01:16:48

Health: -2/76      AC:  1    Str:  8    XL:     10   Next: 36%
Magic:  12/20      EV: 13    Int: 23    God:    Ru [**....]
Gold:   456        SH:  5    Dex: 11    Spells: 12/23 levels left

rFire    . . .     SeeInvis .   a - staff of air
rCold    . . .     Gourm    .   (no shield)
rNeg     . . .     Faith    .   l - +0 troll leather armour
rPois    .         Spirit   .   c - +1 hat
rElec    +         Reflect  +   (no cloak)
rCorr    .         Harm     .   (no gloves)
MR       .....                  s - +0 pair of boots
Stlth    ++........             m - +5 amulet of reflection
HPRegen  0.62/turn              j - ring of wizardry
MPRegen  0.17/turn              (no ring)

@: no status effects
A: claws 1, powered by death 1, reduced AC 1, magic vulnerability 1, sturdy
frame 1
a: Renounce Religion


You were on level 8 of the Dungeon.
You worshipped Ru.
Ru was pleased with you.
You were hungry.

You visited 1 branch of the dungeon, and saw 8 of its levels.

You collected 456 gold pieces.

Inventory:

Missiles
 r - 85 javelins (quivered)
Armour
 c - a +1 hat (worn)
 h - the cursed +0 leather armour of Benevolence {rF+ rN++ MR+ Str-5}
   (You found it on level 7 of the Dungeon)

   It affects your strength (-5).
   It protects you from fire.
   It greatly protects you from negative energy.
   It affects your resistance to hostile enchantments.
   It has a curse placed upon it.
 l - a +0 troll leather armour (worn)
 s - a +0 pair of boots (worn)
Magical Staves
 a - an uncursed staff of air (weapon)
Jewellery
 j - a ring of wizardry (left claw)
 m - a +5 amulet of reflection (around neck)
 o - an uncursed amulet of rage
 p - an uncursed amulet of magic regeneration
Wands
 g - a wand of iceblast (5)
 y - a wand of clouds (2)
Scrolls
 i - a scroll of identify
 k - 6 scrolls of remove curse
 n - 3 scrolls of fog
 x - 4 scrolls of teleportation
Potions
 b - 2 potions of resistance {unknown}
 f - 4 potions of brilliance
 t - 2 potions of agility {unknown}
 v - a potion of degeneration {unknown}
 z - 2 potions of might
Comestibles
 e - 17 rations {!d}


   Skills:
 * Level 5.8 Fighting
 + Level 3.7 Staves
 + Level 4.1 Dodging
 - Level 2.0 Stealth
 * Level 7.1 Spellcasting
 - Level 8.0 Conjurations
 - Level 1.5 Summonings
 - Level 1.5 Translocations
 - Level 3.0 Fire Magic
 - Level 3.0 Air Magic
 - Level 2.0 Poison Magic
 - Level 4.0 Evocations


You had 12 spell levels left.
You knew the following spells:

 Your Spells              Type           Power        Failure   Level  Hunger
a - Magic Dart            Conj           ####         1%          1    None
b - Blink                 Tloc           N/A          2%          2    None
c - Call Imp              Summ           ###...       2%          2    None
d - Mephitic Cloud        Conj/Pois/Air  #####...     1%          3    None
e - Conjure Flame         Conj/Fire      ####....     1%          3    None

Your spell library contained the following spells:

 Spells                   Type           Power        Failure   Level  Hunger
 Ensorcelled Hibernation  Hex/Ice        #.....       4%          2    None
 Spider Form              Tmut/Pois      ##.          6%          3    None
 Shadow Creatures         Summ           N/A          92%         6    ######.
 Infestation              Hex/Tmut/Pois  ##.......    97%         6    ######.
 Borgnjor's Vile Clutch   Necr/Erth      #.........   99%         6    ######.
 Darkness                 Hex            #.........   99%         6    ######.
 Time Stop                Chrm/Tloc      N/A          100%        8    #######


Dungeon Overview and Level Annotations

Branches:
Dungeon (8/12)             Temple (0/1) D:6            Lair (0/6) D:8
    Orc: D:8-11

Altars:
Cheibriados
Elyvilon
Nemelex Xobeh
Okawaru
Ru
The Shining One

Shops:
D:6 :   D:8 *

Annotations:
D:5 1 runed translucent door, exclusion: orc warrior, Sarzael's ghost, amateur DsSk
D:6 exclusion: upstairs
D:7 exclusion: downstairs


Innate Abilities, Weirdness & Mutations

You have sharp fingernails.
You regenerate a little health from kills.
You take slightly more damage. (AC -5)
You are slightly vulnerable to magic. (MR-)
Your movements are slightly less encumbered by armour. (ER -2)


Message History

The eight-headed hydra is engulfed in blazing flames.
The eight-headed hydra closely misses you. x2
The eight-headed hydra bites you!
The eight-headed hydra closely misses you.
The eight-headed hydra bites you!
The eight-headed hydra bites you but does no damage.
The eight-headed hydra bites you!
The eight-headed hydra closely misses you.
Casting: Call Imp (safe; 2% risk of failure)
Confirm with . or Enter, or press ? or * to list all spells.
You blink.
The eight-headed hydra is engulfed in blazing flames.
The eight-headed hydra bites you! The eight-headed hydra bites you.
You block the eight-headed hydra's attack. x2
The eight-headed hydra bites you!
* * * LOW HITPOINT WARNING * * *
The eight-headed hydra bites you.
* * * LOW HITPOINT WARNING * * *
The eight-headed hydra bites you!
You die...

#
#########
###
........#
#..
#######.#
#.# # #.#
#.# #.#
#@#
####.#
##D#
#....#
##ยง#.
#.####
##.###.##
#.# #5##
#.# #.#
##.###.##
#.#
##.#.#
#.##
##.#### #
#..##
#.##.##


You could see an eight-headed hydra and a friendly crimson imp.

Vanquished Creatures
  Psyche (D:8)
  A troll (D:7)
  2 hippogriffs
  Sigmund (D:6)
  4 yaks
  A steam dragon (D:6)
  Menkaure (D:4)
  A water moccasin (D:7)
  A crocodile (D:7)
  Duvessa (D:5)
  4 orc warriors
  A porcupine (D:8)
  4 ice beasts
  An ogre (D:4)
  A black bear (D:8)
  A necrophage (D:4)
  A phantom (D:6)
  A centaur (D:8)
  4 bullfrogs
  2 scorpions
  2 howler monkeys
  2 bullfrog zombies
  3 crimson imps
  2 jellies
  2 hounds
  3 orc wizards
  3 centaur skeletons
  5 orc priests
  Terence (D:2)
  An iguana (D:7)
  A hound zombie (D:6)
  7 adders
  3 gnolls (D:5)
  A shadow imp (D:7)
  An ooze (D:1)
  3 adder skeletons
  2 worms
  3 dart slugs
  4 leopard geckos
  19 orcs
  A ball python (D:5)
  3 bats
  4 giant cockroaches
  A goblin (D:1)
  13 hobgoblins
  6 jackals (D:6)
  11 kobolds
  5 quokkas
  4 frilled lizards
  8 rats
158 creatures vanquished.

Vanquished Creatures (collateral kills)
  A yak (D:8)
  A black bear (D:7)
  An ogre (D:3)
  2 scorpions (D:4)
  Dowan (D:5)
  A jelly (D:6)
  An orc priest (D:8)
  An orc wizard (D:5)
  A quokka skeleton (D:5)
10 creatures vanquished.

Vanquished Creatures (others)
  20 fungi (D:8)
  6 plants (D:8)
26 creatures vanquished.

Grand Total: 194 creatures vanquished

Notes
Turn   | Place    | Note
-------+----------+-------------------------------------------
     0 | D:1      | GodsVoicemail the Demonspawn Wizard began the quest for the
                  | Orb.
     0 | D:1      | Reached XP level 1. HP: 13/13 MP: 4/4
   265 | D:1      | Reached skill level 2 in Conjurations
   309 | D:1      | Gained mutation: You have sharp fingernails. [demonic
                  | ancestry]
   309 | D:1      | Reached XP level 2. HP: 19/19 MP: 0/6
   312 | D:1      | Learned a level 2 spell: Blink
   315 | D:1      | Learned a level 2 spell: Call Imp
   752 | D:1      | Reached skill level 3 in Conjurations
   804 | D:1      | Reached XP level 3. HP: 24/24 MP: 4/7
  1125 | D:2      | Noticed Terence
  2098 | D:3      | Reached skill level 4 in Conjurations
  2098 | D:3      | Reached XP level 4. HP: 30/30 MP: 2/8
  2660 | D:3      | Noticed an ogre
  2676 | D:3      | Killed an ogre
  2677 | D:3      | Reached skill level 5 in Conjurations
  2677 | D:3      | Reached XP level 5. HP: 35/35 MP: 2/9
  2807 | D:3      | Found a sacrificial altar of Ru.
  2813 | D:3      | Became a worshipper of Ru the Awakened
  3002 | D:4      | Noticed a phantom
  3029 | D:4      | Noticed Menkaure
  3062 | D:4      | Noticed an ogre
  3262 | D:4      | Reached skill level 6 in Conjurations
  3281 | D:4      | Gained mutation: Your movements are slightly less
                  | encumbered by armour. (ER -2) [demonic ancestry]
  3281 | D:4      | Reached XP level 6. HP: 41/41 MP: 2/10
  3563 | D:3      | Learned a level 3 spell: Mephitic Cloud
  3567 | D:3      | Learned a level 3 spell: Conjure Flame
  3822 | D:4      | Reached skill level 7 in Conjurations
  4043 | D:4      | Killed Menkaure
  4044 | D:4      | Reached XP level 7. HP: 46/46 MP: 10/12
  4177 | D:4      | Reached skill level 1 in Fire Magic
  4177 | D:4      | Reached skill level 1 in Air Magic
  4177 | D:4      | Reached skill level 1 in Poison Magic
  4584 | D:5      | Entered Level 5 of the Dungeon
  4819 | D:5      | Gained mutation: You take slightly more damage. (AC -5) [Ru
                  | sacrifice]
  4819 | D:5      | Reached * piety under Ru
  5574 | D:5      | Found a runed translucent door.
  5577 | D:5      | Noticed Sarzael's ghost (amateur DsSk)
  5694 | D:5      | Noticed Duvessa
  5696 | D:5      | Noticed Dowan
  5733 | D:5      | Killed Dowan
  5881 | D:5      | Killed Duvessa
  5882 | D:5      | Gained mutation: You regenerate a little health from kills.
                  | [demonic ancestry]
  5882 | D:5      | Reached XP level 8. HP: 43/52 MP: 6/14
  6186 | D:2      | Killed Terence
  6483 | D:4      | Reached skill level 1 in Fighting
  6627 | D:6      | Found Voydogig's Book Shop.
  6645 | D:6      | Noticed Sigmund
  6682 | D:7      | Reached skill level 1 in Evocations
  6713 | D:7      | Reached skill level 1 in Staves
  6809 | D:7      | Reached skill level 5 in Spellcasting
  7600 | D:7      | Got a brightly glowing leather armour
  7601 | D:7      | Identified the cursed +0 leather armour of Benevolence {rF+
                  | rN++ MR+ Str-5} (You found it on level 7 of the Dungeon)
  7691 | D:6      | Reached XP level 9. HP: 60/62 MP: 5/16
  7939 | D:6      | Reached skill level 1 in Translocations
  8028 | D:6      | Gained mutation: You are slightly vulnerable to magic.
                  | (MR-) [Ru sacrifice]
  8028 | D:6      | Reached ** piety under Ru
  8145 | D:6      | Killed Sigmund
  8146 | D:6      | Reached skill level 8 in Conjurations
  8216 | D:5      | Noticed a rust devil
  8216 | D:5      | Noticed a rust devil
  8321 | D:6      | Found a staircase to the Ecumenical Temple.
  8872 | D:7      | Found a glowing golden altar of the Shining One.
  8872 | D:7      | Found an iron altar of Okawaru.
  9239 | D:8      | Noticed a troll
  9670 | D:8      | Found a snail-covered altar of Cheibriados.
  9790 | D:8      | Found a sparkling altar of Nemelex Xobeh.
  9793 | D:8      | Found Ciowekiru's General Store.
 10011 | D:7      | Reached skill level 5 in Fighting
 10011 | D:7      | Reached XP level 10. HP: 64/74 MP: 0/19
 10378 | D:8      | Found a staircase to the Lair.
 10399 | D:8      | Noticed Psyche
 10616 | D:8      | Found a white marble altar of Elyvilon.
 10795 | D:8      | Killed Psyche
 11037 | D:8      | Noticed an eight-headed hydra
 11041 | D:8      | Slain by an eight-headed hydra

Skill      XL: |  1  2  3  4  5  6  7  8  9 10 |
---------------+-------------------------------+-----
Conjurations   | 2 3 4 5 6 7 8 |  8.0
Fire Magic     | 2 3 |  3.0
Air Magic      | 2 3 |  3.0
Poison Magic   | 2 |  2.0
Spellcasting   | 4 5 6 7 |  7.1
Fighting       | 2 5 |  5.8
Dodging        | 2 3 4 |  4.1
Evocations     | 1 3 4 |  4.0
Staves         | 1 3 |  3.7
Translocations | 1 |  1.5
Stealth        | |  2.0
Summonings     | |  1.5

Action                   |  1- 3 |  4- 6 |  7- 9 | 10-12 || total
-------------------------+-------+-------+-------+-------++-------
Melee: Staff             |     8 |     9 |    98 |     8 ||   123
Throw: Javelin           |       |       |    19 |       ||    19
 Cast: Magic Dart        |   121 |   102 |   265 |    42 ||   530
       Call Imp          |       |     8 |    26 |     7 ||    41
       Mephitic Cloud    |       |     2 |    29 |    10 ||    41
       Conjure Flame     |       |       |    26 |     8 ||    34
       Blink             |       |       |     4 |     2 ||     6
Invok: Sacrifice Health  |       |       |     1 |       ||     1
       Sacrifice Essence |       |       |     1 |       ||     1
Evoke: Wand              |       |       |     1 |       ||     1
  Use: Scroll            |     1 |     2 |     7 |       ||    10
       Potion            |       |     5 |     7 |       ||    12
 Stab: Confused          |       |     1 |     5 |     1 ||     7
  Eat: Chunk             |     6 |     4 |    26 |     5 ||    41
       Ration            |       |     1 |     1 |       ||     2
Armor: Robe              |     5 |     4 |       |       ||     9
       Troll leather arm |       |       |       |     1 ||     1
Dodge: Dodged            |    19 |    23 |    75 |    21 ||   138
Block: Other             |     1 |     9 |    33 |     6 ||    49
       Reflection        |       |       |       |     1 ||     1
